 Dungeon Crawl Stone Soup version 0.20-a0-540-ge6d1839 (webtiles) character file.

99 KristoblXynda the Ruffian (level 4, -4/35 HPs)
             Began as a Draconian Transmuter on Jan 29, 2017.
             Slain by a sky beast (6 damage)
             ... on level 3 of the Dungeon.
             The game lasted 00:06:24 (2279 turns).

KristoblXynda the Ruffian (Draconian Transmuter)    Turns: 2279, Time: 00:06:24

Health: -4/35      AC:  6    Str: 17    XL:     4   Next: 45%
Magic:  7/7        EV: 12    Int: 15    God:
Gold:   161        SH:  0    Dex: 11    Spells: 6/7 levels left

rFire    . . .     SeeInvis .     - Unarmed
rCold    . . .     Gourm    .   (armour unavailable)
rNeg     . . .     Faith    .   (no shield)
rPois    .         Spirit   .   (helmet restricted)
rElec    .         Reflect  .   (no cloak)
rCorr    .         Harm     .   (no gloves)
MR       .....                  g - +0 pair of boots
Stlth    +.........             (no amulet)
Regen    0.2/turn               (no ring)
                                (no ring)

@: mighty, appendage (expiring), very slightly contaminated, invisible
A: unfitting armour, horns 2, cold-blooded, AC +5
a: End Transformation


You were on level 3 of the Dungeon.
You were hungry.
You had grown temporary horns.
You visited 1 branch of the dungeon, and saw 3 of its levels.

You collected 161 gold pieces.

Inventory:

Armour
 g - a +0 pair of boots (worn)
Jewellery
 e - a cursed -2 ring of intelligence {unknown}
Scrolls
 d - 3 scrolls of remove curse
Potions
 h - a potion of cure mutation
 i - a potion of agility {unknown}
 j - a potion of degeneration {unknown}
 l - a potion of curing {unknown}
 n - 2 potions of invisibility
Books
 b - a book of Changes

   Spells                             Type                      Level
   a - Beastly Appendage              Transmutation                1
   b - Sticks to Snakes               Transmutation                2
   c - Spider Form                    Transmutation/Poison         3
   d - Ice Form                       Ice/Transmutation            4
   e - Blade Hands                    Transmutation                5
Comestibles
 a - a royal jelly
 c - 4 bread rations
 f - 2 meat rations
 k - 4 fruits


   Skills:
 - Level 1.1 Fighting
 - Level 1.7 Dodging
 * Level 4.6 Unarmed Combat
 - Level 2.0 Spellcasting
 + Level 3.1 Transmutations


You had 6 spell levels left.
You knew the following spells:

 Your Spells              Type           Power        Failure   Level  Hunger
a - Beastly Appendage     Tmut           ##....       8%          1    #......


Dungeon Overview and Level Annotations

Branches:
Dungeon (3/15)

Altars:


Innate Abilities, Weirdness & Mutations

Your plain brown scales are hard. (AC +5)
You cannot fit into any form of body armour.
You are cold-blooded and may be slowed by cold attacks.
You have a pair of horns on your head.


Message History

You closely miss something. Something hits you but does no damage.
You miss something. Your headbutt misses something. Something hits you.
* * * LOW HITPOINT WARNING * * *
Something shocks you.
* * * LOW HITPOINT WARNING * * *
You hit something. You tail-slap something.
Something hits you but does no damage.
You barely miss something. Your headbutt misses something.
A sky beast appears from thin air!
Reactivating autopickup.
The sky beast barely misses you.
It was a potion of might.
You feel very mighty all of a sudden.
The sky beast flickers out of sight!
Deactivating autopickup; reactivate with Ctrl-A.
Something hits you but does no damage.
You hit something. Something hits you.
* * * LOW HITPOINT WARNING * * *
Something shocks you.
You die...

*,,,,,,,,,+.......#..(....##.##..
**********#.......#.......##.##..
#.......#.......##.##..
**###.......#.......##.##..
*,....####'##.......##.###.
*,...>............÷........
*,........≈.†..............
*,....####{###########.####
*,...,*###@########**#.#
*,.,,,*#...........,,..#
*,,,,,*#.#.########*####
*******#.#......# #.######.# #.#
#.# * #.# #.# * #.######.# *
###..†.....# *


There were no monsters in sight!

Vanquished Creatures
  3 adders
  A worm (D:2)
  A dart slug (D:2)
  4 orcs (D:3)
  2 ball pythons
  7 bats
  5 giant cockroaches
  12 goblins
  7 hobgoblins
  A jackal (D:3)
  4 kobolds
  A quokka (D:2)
  7 frilled lizards
  3 rats (D:2)
58 creatures vanquished.

Notes
Turn   | Place    | Note
-------+----------+-------------------------------------------
     0 | D:1      | KristoblXynda the Draconian Transmuter began the quest for the Orb.
     0 | D:1      | Reached XP level 1. HP: 16/16 MP: 3/3
   165 | D:1      | Reached XP level 2. HP: 23/23 MP: 5/5
   973 | D:2      | Reached XP level 3. HP: 28/28 MP: 6/6
  1007 | D:2      | Reached skill level 4 in Unarmed Combat
  1771 | D:3      | Reached XP level 4. HP: 21/35 MP: 5/7
  1835 | D:3      | Noticed an ogre
  2249 | D:3      | Noticed a sky beast
  2279 | D:3      | Slain by a sky beast

Vault maps used:
D:1:      dpeg_arrival_erosion
D:2:      minmay_pentomino_t4
D:3:      minmay_ogre_servants

Skill      XL: |  1  2  3 |
---------------+----------+-----
Unarmed Combat | 4 |  4.6
Transmutations | 3 |  3.1
Fighting       | |  1.1
Dodging        | |  1.7
Spellcasting   | |  2.0

Action                   |  1- 3 |  4- 6 || total
-------------------------+-------+-------++-------
Melee: Unarmed           |   155 |    78 ||   233
       Tailslap          |    17 |     8 ||    25
       Headbutt          |     3 |       ||     3
       Punch             |     2 |       ||     2
       Kick              |     6 |       ||     6
 Cast: Beastly Appendage |     6 |     3 ||     9
  Use: Potion            |     1 |     3 ||     4
       Scroll            |       |     6 ||     6
  Eat: Chunk             |     3 |     1 ||     4
Armor: Skin              |    35 |    27 ||    62
Dodge: Dodged            |   108 |    45 ||   153
